 Dungeon Sprint DCSS version 0.30-a0-696-g2367cd04db (webtiles) character file.

Game seed: 7502736982513802102

50 petercordia the Shooter (level 4, 0/35 HPs)
             Began as a Formicid Hunter on Jan 21, 2023.
             Was an Initiate of Okawaru.
             Slain by a troll (3 damage)
             ... in the Dungeon (Sprint IX: "|||||||||||||||||||||||||||||").
             The game lasted 00:02:29 (224 turns).

petercordia the Shooter (Formicid Hunter)            Turns: 224, Time: 00:02:30

Health: 0/35       AC: 10    Str: 19    XL:     4   Next: 4%
Magic:  4/4        EV: 10    Int:  8    God:    Okawaru [......]
Gold:   0          SH:  0    Dex: 19    Spells: 3/3 levels left

rFire   . . .      SeeInvis +    a - +0 shortbow
rCold   . . .      Faith    .    (no shield)
rNeg    . . .      Spirit   .    o - +1 chain mail
rPois   .          Reflect  .    (helmet unavailable)
rElec   .          Harm     .    p - +0 cloak
rCorr   .          Rampage  .    (no gloves)
Will    .....                    (no boots) Stlth
                                 (no amulet)
HPRegen 0.25/turn                m - +2 ring of evasion
MPRegen 0.09/turn                n - +3 ring of strength

@: invisible
A: permanent stasis, dig shafts and tunnels, antennae 3, four strong arms
a: Dig, Renounce Religion


You were in the Dungeon.
You worshipped Okawaru.
Okawaru was noncommittal.
You visited 1 branch

Inventory:

Hand Weapons
 a - a +0 shortbow (weapon)
Armour
 c - a +0 leather armour
 o - a +1 chain mail (worn)
 p - a +0 cloak (worn)
Jewellery
 m - a +2 ring of evasion (left hand)
 n - a +3 ring of strength (right hand)
Wands
 l - a wand of light (10)
Scrolls
 b - a scroll of immolation
 i - 2 scrolls of blinking
 k - 2 scrolls of amnesia
Potions
 d - 5 potions of curing
 e - 3 potions of heal wounds
 f - a potion of haste
 g - 4 potions of magic
 h - a potion of berserk rage


   Skills:
 + Level 3.4 Fighting
 + Level 7.2 Ranged Weapons
 + Level 2.2 Armour
 + Level 2.3 Dodging
 - Level 1.2 Stealth


You had 3 spell levels left.
You didn't know any spells.
Your spell library was empty.

Dungeon Overview and Level Annotations

Branches:
Dungeon (1/1)

Altars:
Cheibriados
Dithmenos
Elyvilon
Fedhas
Gozag
Hepliaklqana
Kikubaaqudgha
Makhleb
Nemelex Xobeh
Okawaru
Qazlal
Ru
Sif Muna
Trog
Uskayaw
Vehumet
Wu Jian
Xom
Yredelemnul
Zin
The Shining One
Jiyva
Lugonu


Innate Abilities, Weirdness & Mutations

You cannot be hasted, slowed, berserked, paralysed or teleported.
You can dig through walls and to a lower floor.
You have a pair of large antennae on your head. (SInv)
Your four strong arms can wield two-handed weapons with a shield.


Message History

There is an open door here.
Items here: )))))).
You see here a +0 helmet.
Okay, then.
Unknown command.
Unknown command.
Unknown command.
You open the door.
A shadow, a yak, a vampire, a two-headed ogre, a vampire mosquito and a troll come into view.
The yak bellows!
The troll shouts!
Unknown command.
You fade into invisibility!
The troll barely misses you.
The troll claws you but does no damage. x2
Unknown command.
You shoot an arrow. The arrow barely misses the troll.
The arrow hits the vampire mosquito!
The vampire mosquito is moderately damaged.
The troll closely misses you. The troll claws you!
The troll closely misses you.
You shoot an arrow. The arrow barely misses the troll.
The arrow barely misses the vampire mosquito.
The arrow barely misses the two-headed ogre.
The arrow hits the vampire!
The vampire is moderately damaged.
The troll closely misses you. The troll barely misses you.
The troll claws you but does no damage. The troll bites you.
The troll claws you! The troll misses you.
You shoot an arrow. The arrow hits the troll.
The troll is lightly wounded.
The vampire casts a spell.
The vampire flickers and vanishes for a moment.
The troll bites you. The troll closely misses you. x2
You shoot an arrow. The arrow hits the troll.
The troll is lightly wounded.
The troll bites you!
* * * LOW HITPOINT WARNING * * *
The troll claws you.
* * * LOW HITPOINT WARNING * * *
The troll closely misses you. The troll bites you.
You die...

▓.▓
▓W▓
▓Y▓
▓V▓
▓O▓
▓y▓
{
▓T▓
▓@▓
▓.▓
{
▓.▓
{
▓[▓
{
▓.▓
{
▓.▓
{
▓)▓
{
▓.▓
{
▓.▓
{


You could see a two-headed ogre (unable to see you), a yak (unable to see you),
a troll (unable to see you), a vampire (invisible), a vampire mosquito (unable
to see you) and a shadow.

Vanquished Creatures
  A hound (D)
  A gnoll (D)
  3 orcs (D)
  A hobgoblin (D)
  A bat (D)
  A kobold (D)
  2 rats (D)
10 creatures vanquished.

Notes
Turn   | Place    | Note
-------+----------+-------------------------------------------
     0 | D        | petercordia the Formicid Hunter began the quest for the
                  | Orb.
     0 | D        | Reached XP level 1. HP: 16/16 MP: 1/1
    13 | D        | Reached skill level 5 in Ranged Weapons
    76 | D        | Noticed a hound
    81 | D        | Reached XP level 2. HP: 18/23 MP: 2/2
    92 | D        | Reached skill level 6 in Ranged Weapons
    92 | D        | Reached XP level 3. HP: 11/29 MP: 3/3
    93 | D        | Reached skill level 7 in Ranged Weapons
    93 | D        | Reached XP level 4. HP: 14/35 MP: 4/4
    99 | D        | Found a snail-covered altar of Cheibriados.
    99 | D        | Found a shadowy altar of Dithmenos.
    99 | D        | Found a white marble altar of Elyvilon.
    99 | D        | Found a blossoming altar of Fedhas.
    99 | D        | Found an opulent altar of Gozag.
   100 | D        | Found a hazy altar of Hepliaklqana.
   101 | D        | Found a viscous altar of Jiyva.
   102 | D        | Found an ancient bone altar of Kikubaaqudgha.
   103 | D        | Found a corrupted altar of Lugonu.
   104 | D        | Found a burning altar of Makhleb.
   105 | D        | Found a sparkling altar of Nemelex Xobeh.
   106 | D        | Found an iron altar of Okawaru.
   107 | D        | Found a stormy altar of Qazlal.
   108 | D        | Found a sacrificial altar of Ru.
   109 | D        | Found a shimmering blue altar of Sif Muna.
   110 | D        | Found a bloodstained altar of Trog.
   111 | D        | Found a hide-covered altar of Uskayaw.
   112 | D        | Found a radiant altar of Vehumet.
   113 | D        | Found an ornate altar of the Wu Jian Council.
   114 | D        | Found a shimmering altar of Xom.
   115 | D        | Found a basalt altar of Yredelemnul.
   116 | D        | Found a glowing silver altar of Zin.
   117 | D        | Found a glowing golden altar of the Shining One.
   180 | D        | Became a worshipper of Warmaster Okawaru
   219 | D        | Noticed a shadow
   219 | D        | Noticed a yak
   219 | D        | Noticed a vampire
   219 | D        | Noticed a two-headed ogre
   219 | D        | Noticed a vampire mosquito
   219 | D        | Noticed a troll
   224 | D        | Slain by a troll

Illustrated notes

Levels and vault maps discovered:
D:        linesprint [early_d, line_temple, items_1, d_10, items_2, lair_1,
          lair_end, items_3, orc_1, orc_end, items_4, d_15, swamp_1, shoals_1,
          snake_1, spider_1, d_20, vaults_1, items_5, swamp_end, shoals_end,
          snake_end, spider_end, vaults_end, d_27, items_6, zot_1, zot_end,
          crypt_end, forest_end, elf_end, slime_end, tomb_end, abyss_end,
          pan_hell_end]

Skill      XL: |  1  2  3 |
---------------+----------+-----
Ranged Weapons | 5 6 7 |  7.2
Fighting       | 3 |  3.4
Armour         | 2 |  2.2
Dodging        | 2 |  2.3
Stealth        | |  1.2

Action                   |  1- 3 |  4- 6 || total
-------------------------+-------+-------++-------
 Fire: Shortbow          |    25 |     4 ||    29
 Abil: Dig               |     1 |       ||     1
  Use: Potion            |       |     1 ||     1
Armor: Leather armour    |     3 |       ||     3
       Chain mail        |       |     3 ||     3
Dodge: Dodged            |    16 |     9 ||    25

Table legend: (Time is in decaauts)
 A = Elapsed time spent in this place.
 B = Non-inter-level travel time spent in this place.
 C = Inter-level travel time spent in this place.
 D = Time resting spent in this place.
 E = Time spent auto-exploring this place.
 F = Levels seen in this place.
 G = Mean time per level.
                   A        B        C        D        E       F      G
               +--------+--------+--------+--------+--------+-----+--------+
         Total |    231 |    231 |      0 |      0 |     63 |   1 |  231.0 |
       Dungeon |    231 |    231 |      0 |      0 |     63 |   1 |  231.0 |
               +--------+--------+--------+--------+--------+-----+--------+

Top non-repeatable levels by time:
       D: 231 daAuts
